 Dungeon Crawl Stone Soup version 0.19.0-2-gae57169 (webtiles) character file.

290 Patchouli the Grasshopper (level 6, 0/41 HPs)
             Began as a High Elf Warper on Nov 7, 2016.
             Succumbed to a kobold's poison
             ... on level 8 of the Dungeon.
             The game lasted 00:20:39 (3236 turns).

Patchouli the Grasshopper (High Elf Warper)         Turns: 3236, Time: 00:20:39

Health: 0/41       AC:  4    Str: 11    XL:     6   Next: 9%
Magic:  8/20       EV: 13    Int: 22    God:
Gold:   261        SH:  0    Dex: 16    Spells: 4 memorised, 1 level left

rFire  . . .     SeeInvis .     a - +1 falchion
rCold  + . .     Gourm    .     i - +0 leather armour
rNeg   . . .     Faith    .     (no shield)
rPois  .         Spirit   .     (no helmet)
rElec  .         Reflect  .     q - +0 cloak
rCorr  .         Harm     .     (no gloves)
MR     .....                    (no boots)
Stlth  +.........               (no amulet)
                                z - ring of Xut Bal {MP+9 Int+5}
                                l - ring of protection from cold

@: lethally poisoned (0 -> -2)
A: no striking features
a: no special abilities


You were on level 8 of the Dungeon.
You were near starving.

You visited 1 branch of the dungeon, and saw 8 of its levels.

You collected 261 gold pieces.

Inventory:

Hand Weapons
 a - a +1 falchion (weapon)
 b - a +0 blowgun
 w - a +0 hunting sling
 y - a +0 long sword
 A - the +7 hand crossbow "Lacertilian's Undoing" {venom, rN+ SInv}
   (You found it on level 6 of the Dungeon)

   It poisons the ammo it fires.
   It protects you from negative energy.
   It lets you see invisible.
Missiles
 e - 5 tomahawks of dispersal (quivered)
 j - 4 poisoned needles
 m - 7 tomahawks
 E - 33 arrows
Armour
 i - a +0 leather armour (worn)
 k - a +0 chain mail
 q - a +0 cloak (worn)
 C - a +0 ring mail
Jewellery
 l - a ring of protection from cold (left hand)
 o - an uncursed ring of positive energy
 z - the ring of Xut Bal (right hand) {MP+9 Int+5}
   (You found it on level 6 of the Dungeon)

   [ring of magical power]

   It affects your intelligence (+5).
   It affects your magic capacity (+9).
Scrolls
 d - a scroll of blinking
 g - a scroll of remove curse
 r - a scroll of magic mapping
 D - 2 scrolls of recharging {unknown}
Potions
 u - a potion of flight
Books
 c - a book of Spatial Translocations

   Spells                             Type                      Level
   a - Blink                          Translocation                2
   b - Shroud of Golubria             Charms/Translocation         2
   c - Lesser Beckoning               Translocation                3
   d - Portal Projectile              Translocation                3
   e - Teleport Other                 Translocation                3
   f - Passage of Golubria            Translocation                4
Comestibles
 f - 4 bread rations
 p - a fruit
 x - 2 meat rations
 B - 6 chunks of flesh


   Skills:
 + Level 2.8 Fighting
 + Level 3.7 Long Blades
 + Level 1.8 Throwing
 * Level 2.4 Armour
 + Level 3.1 Dodging
 + Level 3.1 Spellcasting
 * Level 2.3 Charms
 * Level 4.0 Translocations


You had one spell level left.
You knew the following spells:

 Your Spells              Type           Power        Failure   Level  Hunger
a - Portal Projectile     Tloc           ###...       12%         3    ###....
e - Lesser Beckoning      Tloc           ###.......   12%         3    ###....
k - Blink                 Tloc           N/A          6%          2    ##.....
s - Shroud of Golubria    Chrm/Tloc      ###.......   10%         2    ##.....


Dungeon Overview and Level Annotations

Branches:
Dungeon (8/15)               Lair (0/6) D:8
 Temple: D:4-7

Altars:

Shops:
D:4 [   D:8 ?

Annotations:
D:3 AAAAA's ghost, amateur OpWr
D:4 Patchouli's ghost, amateur HuWn


Message History

You feel sick.
* * * LOW HITPOINT WARNING * * *
You feel sick.
Some of the chunks of flesh in your inventory have rotted away.
* * * LOW HITPOINT WARNING * * *
You feel sick.
Found a runed robe.
* * * LOW HITPOINT WARNING * * *
You feel sick.
* * * LOW HITPOINT WARNING * * *
You feel sick.
* * * LOW HITPOINT WARNING * * *
You feel sick.
* * * LOW HITPOINT WARNING * * *
You feel sick.
* * * LOW HITPOINT WARNING * * *
You feel sick.
* * * LOW HITPOINT WARNING * * *
You feel sick.
You die...

.... #.#.####.#
#.K#####..####K#####
...hK...K..K..KZ...#
#..#####..##.#.###S#
#...# .#.##.#.# #K#
hK.#..K##... ... #Z#
.KS#########.##. #.#
###.....# #.##.##K#
###.....# #....@..#
...K....# ####.####
###.....# #. #
#.....# #. # #######
.. # #. .. ##


You could see 3 kobolds.

Vanquished Creatures
  A crimson imp (D:7)
  A jelly (D:6)
  A centaur skeleton (D:7)
  An orc wizard (D:7)
  A worker ant zombie (D:5)
  8 adders
  2 oozes
  A worm (D:2)
  2 dart slugs (D:2)
  5 leopard geckos
  6 orcs
  2 ball pythons
  10 bats
  2 giant cockroaches
  6 goblins
  2 hobgoblins
  5 jackals
  5 kobolds
  A quokka (D:3)
  4 frilled lizards
  A leopard gecko skeleton (D:7)
  5 rats
72 creatures vanquished.

Notes
Turn   | Place    | Note
-------+----------+-------------------------------------------
     0 | D:1      | Patchouli the High Elf Warper began the quest for the Orb.
     0 | D:1      | Reached XP level 1. HP: 14/14 MP: 4/4
    30 | D:1      | Reached skill level 1 in Armour
   257 | D:2      | Reached XP level 2. HP: 19/19 MP: 6/6
   261 | D:2      | Learned a level 2 spell: Blink
   264 | D:2      | Learned a level 2 spell: Shroud of Golubria
   928 | D:2      | Reached XP level 3. HP: 24/24 MP: 8/8
  1336 | D:1      | Reached XP level 4. HP: 27/29 MP: 5/9
  1600 | D:3      | Reached skill level 1 in Charms
  1643 | D:4      | Noticed Patchouli's ghost (amateur HuWn)
  1723 | D:3      | Noticed AAAAA's ghost (amateur OpWr)
  1888 | D:3      | Reached XP level 5. HP: 29/35 MP: 7/10
  2003 | D:4      | Learned a level 3 spell: Lesser Beckoning
  2008 | D:4      | Found Takapre's Armour Emporium.
  2084 | D:5      | Entered Level 5 of the Dungeon
  2539 | D:6      | Got a translucent lapis lazuli ring
  2541 | D:6      | Identified the ring of Xut Bal {MP+9 Int+5} (You found it on level 6 of the Dungeon)
  2640 | D:6      | Got a bloodstained hand crossbow
  2645 | D:6      | Identified the +7 hand crossbow "Lacertilian's Undoing" {venom, rN+ SInv} (You found it on level 6 of the Dungeon)
  2809 | D:7      | Reached skill level 4 in Translocations
  2988 | D:7      | Reached XP level 6. HP: 41/41 MP: 11/11
  2996 | D:7      | Learned a level 3 spell: Portal Projectile
  3143 | D:8      | Found a staircase to the Lair.
  3143 | D:8      | Found Kujamp's Magic Scroll Boutique.
  3226 | D:8      | HP: 2/41 [poisoned by a kobold]
  3232 | D:8      | HP: 1/41 [poisoned by a kobold]
  3236 | D:8      | Succumbed to a kobold's poison

Skill      XL: |  1  2  3  4  5 |
---------------+----------------+-----
Armour         | 1 2 |  2.4
Long Blades    | 3 |  3.7
Charms         | 1 2 |  2.3
Spellcasting   | 3 |  3.1
Dodging        | 3 |  3.1
Translocations | 4 |  4.0
Fighting       | |  2.8
Throwing       | |  1.8

Action                   |  1- 3 |  4- 6 || total
-------------------------+-------+-------++-------
Melee: Falchion          |   120 |   177 ||   297
       Long sword        |       |     4 ||     4
 Fire: Blowgun           |       |    31 ||    31
 Cast: Shroud of Golubri |     6 |    29 ||    35
       Blink             |     1 |    17 ||    18
       Lesser Beckoning  |       |     5 ||     5
       Portal Projectile |       |     2 ||     2
  Use: Potion            |       |     7 ||     7
       Scroll            |       |     4 ||     4
 Stab: Sleeping          |     1 |       ||     1
       Invisible         |       |     1 ||     1
  Eat: Chunk             |     1 |     8 ||     9
       Fruit             |       |     1 ||     1
Armor: Leather armour    |    32 |    54 ||    86
       Chain mail        |    17 |       ||    17
Dodge: Dodged            |    88 |   174 ||   262
       Rpst.: Falchion   |    31 |    46 ||    77
       Long sword        |       |     1 ||     1
